 Dungeon Crawl Stone Soup version 0.29-a0-338-g1ff7896281 (webtiles) character file.

Game seed: 15257352861337559388

6317 zishaf the Fighter (level 10, -2/103 HPs)
             Began as a Deep Dwarf Necromancer on Apr 18, 2022.
             Was a Believer of Makhleb.
             Slain by a two-headed ogre
             ... wielding a +0 giant spiked club
              (11 damage)
             ... on level 7 of the Dungeon.
             The game lasted 00:34:22 (12738 turns).

zishaf the Fighter (Deep Dwarf Necromancer)        Turns: 12738, Time: 00:34:22

Health: -2/103     AC: 12    Str: 15    XL:     10   Next: 64%
Magic:  2/10       EV: 12    Int: 17    God:    Makhleb [**....]
Gold:   611        SH:  5    Dex: 13    Spells: 9/13 levels left

rFire   + . .      SeeInvis .   a - +4 war axe
rCold   . . .      Faith    .   (no shield)
rNeg    . . .      Spirit   .   x - +3 leather armour {rF+}
rPois   .          Reflect  +   n - +2 hat
rElec   .          Harm     .   (no cloak)
rCorr   .          Rampage  .   (no gloves)
Will    +....                   (no boots)
Stlth   ++........              v - amulet of reflection
HPRegen 0.00/turn               D - +4 ring of slaying
MPRegen 0.12/turn               o - +4 ring of protection

@: no status effects
A: damage resistance, heal wounds, sense surroundings 2, no regeneration
a: Heal Wounds, Renounce Religion, Minor Destruction


You were on level 7 of the Dungeon.
You worshipped Makhleb.
Makhleb was pleased with you.
You visited 2 branches of the dungeon, and saw 10 of its levels.
You also visited: Sewer, Ossuary and Bailey.

You collected 611 gold pieces.

Inventory:

Hand Weapons
 a - a +4 war axe (weapon)
 y - a +2 flail of draining
 E - a +0 hunting sling
 H - a +2 dagger of protection
 O - the +4 flail "Eredwusch" {holy, Int+2}
   (You found it on level 8 of the Dungeon)

   It has been blessed by the Shining One to cause great damage to the undead
   and demons.
   Int:       It affects your intelligence (+2).
Missiles
 i - 12 boomerangs (quivered)
Armour
 e - a +0 robe
 l - a +0 helmet
 n - a +2 hat (worn)
 u - the +6 plate armour "Nufu" {-Cast rPois Will+}
   (You found it on level 3 of the Dungeon)

   rPois:     It protects you from poison.
   -Cast:     It prevents spellcasting.
   Will:      It increases your willpower.
 x - a +3 leather armour of fire resistance (worn)
Magical Staves
 b - a staff of death
Jewellery
 f - a ring of positive energy
 g - a ring of resist corrosion
 j - a ring of protection from fire
 o - a +4 ring of protection (right hand)
 v - an amulet of reflection (around neck)
 w - the ring "Zunk" {rElec rPois rF- rCorr Str+6}
   (You found it on level 4 of the Dungeon)

   [ring of strength]

   Str:       It affects your strength (+6).
   rF:        It makes you vulnerable to fire.
   rElec:     It insulates you from electricity.
   rPois:     It protects you from poison.
   rCorr:     It protects you from acid and corrosion.
 D - a +4 ring of slaying (left hand)
 I - the amulet of Aleet {Reflect rN++ Will- Int+2 SH+5 Stlth+}
   (You found it on level 7 of the Dungeon)

   [amulet of reflection]

   It reflects blocked missile attacks.
   Int:       It affects your intelligence (+2).
   rN:        It greatly protects you from negative energy.
   SH:        It affects your SH (+5).
   Will:      It decreases your willpower.
   Stlth:     It makes you more stealthy.
 P - a ring of positive energy
Scrolls
 h - 8 scrolls of vulnerability {unknown}
 k - 2 scrolls of fear
 q - a scroll of torment
 t - a scroll of amnesia
 B - a scroll of teleportation
 C - 2 scrolls of blinking
 G - a scroll of summoning
 N - 4 scrolls of enchant armour
 Q - 6 scrolls of enchant weapon
Potions
 c - 3 potions of curing
 d - 5 potions of magic
 m - 5 potions of heal wounds
 p - 2 potions of brilliance {unknown}
 r - a potion of berserk rage {unknown}
 s - 3 potions of might
 z - 3 potions of attraction {unknown}
 A - 3 potions of haste
 F - a potion of lignification {unknown}
 J - 3 potions of resistance {unknown}
 K - a potion of mutation {unknown}
 L - a potion of flight {unknown}
 M - a potion of invisibility {unknown}


   Skills:
 + Level 10.7 Fighting
 + Level 6.5 Axes
 - Level 4.0 Armour
 - Level 2.1 Dodging
 - Level 2.4 Stealth
 - Level 2.0 Spellcasting
 - Level 8.0 Necromancy
 + Level 7.8 Invocations


You had 9 spell levels left.
You knew the following spells:

 Your Spells              Type           Power      Damage    Failure   Level
a - Pain                  Necr           100%       1d9       1%          1
b - Vampiric Draining     Necr           28%        2d8       2%          3

Your spell library contained the following spells:

 Spells                   Type           Power      Damage    Failure   Level
 Animate Skeleton         Necr           56%        N/A       1%          1
 Corpse Rot               Necr/Air       30%        N/A       7%          2
 Animate Dead             Necr           14%        N/A       9%          4
 Agony                    Necr           28%        N/A       24%         5
 Poisonous Vapours        Pois/Air       2%         N/A       34%         2


Dungeon Overview and Level Annotations

Branches:
Dungeon (9/15)             Temple (1/1) D:7           Sewer (visited)
Ossuary (visited)          Bailey (visited)
   Lair: D:8-11         Orc: D:9-12

Altars:
Ashenzari
Cheibriados
Dithmenos
Fedhas
Kikubaaqudgha
Makhleb
Nemelex Xobeh
Okawaru
Qazlal
Ru
Sif Muna
Uskayaw
Vehumet
Xom
Yredelemnul
Zin
The Shining One

Shops:
D:2 (

Annotations:
D:3 3 runed translucent doors, Antichthon's ghost, weakling NaWr


Innate Abilities, Weirdness & Mutations

You are resistant to damage.
You can heal yourself by infusing magical energy.
You passively map the area around you.
You do not regenerate.


Message History

You draw life force from the two-headed ogre!
You feel life coursing into your body.
The two-headed ogre hits you with a +0 giant spiked club!
* * * LOW HITPOINT WARNING * * *
You block the two-headed ogre's attack.
Casting: Vampiric Draining (mildly dangerous; 2% risk of failure)
Confirm with . or Enter, or press ? or * to list all spells.
Aiming: Vampiric Draining (mildly dangerous; 2% risk of failure)
Press: ? - help, Shift-Dir - straight line, f/p - two-headed ogre
Aim: a two-headed ogre, wielding a +0 giant spiked club and a +2 vorpal dire flail (lightly wounded)
You feel a surge of power!
You draw life force from the two-headed ogre!
You feel life coursing into your body.
Casting: Vampiric Draining (mildly dangerous; 2% risk of failure)
Confirm with . or Enter, or press ? or * to list all spells.
Aiming: Vampiric Draining (mildly dangerous; 2% risk of failure)
Press: ? - help, Shift-Dir - straight line, f/p - two-headed ogre
Aim: a two-headed ogre, wielding a +0 giant spiked club and a +2 vorpal dire flail (moderately wounded)
You feel a surge of power!
You draw life force from the two-headed ogre!
You feel life coursing into your body. The two-headed ogre barely misses you.
The two-headed ogre hits you with a +2 vorpal dire flail!
* * * LOW HITPOINT WARNING * * *
a - a +4 war axe (weapon)
You hit the two-headed ogre. Your punch misses the two-headed ogre.
The two-headed ogre is heavily wounded.
The two-headed ogre closely misses you.
The two-headed ogre hits you with a +2 vorpal dire flail.
* * * LOW HITPOINT WARNING * * *
You barely miss the two-headed ogre.
The two-headed ogre is heavily wounded.
The two-headed ogre hits you with a +0 giant spiked club!
* * * LOW HITPOINT WARNING * * *
The two-headed ogre barely misses you.
You slash the two-headed ogre!
The two-headed ogre is severely wounded.
The two-headed ogre hits you with a +0 giant spiked club!
* * * LOW HITPOINT WARNING * * *
The two-headed ogre hits you with a +2 vorpal dire flail!
You die...

.......###.#
.........รท>#
.......###.#
...O...# #.#
.......# #.#######
.......# #.......#
...##### #######.#
.#.# #O#
.#.####### #@#
.#.......# #.#
..######.# #.#
#.######.#######.#
.................#
#.#######.########
........#.#
.######.#.#
#.....#.#.#


You could see a two-headed ogre.

Vanquished Creatures
  3 orc knights (Bailey)
  Eustachio (D:4)
  5 yaks
  3 steam dragons
  Menkaure (D:6)
  3 water moccasins
  A black bear (D:6)
  2 sky beasts
  7 orc warriors (Bailey)
  3 ice beasts
  An ogre (D:5)
  A kobold brigand (D:9)
  An elf zombie (Ossuary)
  2 bullfrogs (Sewer)
  A gnoll sergeant (D:7)
  A necrophage (D:8)
  4 scorpions
  A wight (D:5)
  4 howler monkeys
  3 centaur zombies (Ossuary)
  A human zombie (Ossuary)
  3 hounds
  3 jellies
  2 orc priests
  3 gnoll shamans
  3 iguanas
  6 orc wizards
  2 hound zombies (Ossuary)
  3 mummies (Ossuary)
  17 gnolls
  2 adders
  A shadow imp (D:7)
  A white imp (D:4)
  An ufetubus (D:6)
  3 adder zombies (Ossuary)
  2 worms
  7 dart slugs
  41 orcs
  8 bats
  4 endoplasms
  9 giant cockroaches
  11 goblins
  6 hobgoblins
  2 jackals (D:3)
  9 kobolds
  9 quokkas
  14 ball pythons
  9 frilled lizards
  A gnoll zombie (Ossuary)
  9 goblin zombies (Ossuary)
  3 hobgoblin zombies (Ossuary)
  2 jackal zombies (Ossuary)
  6 kobold zombies (Ossuary)
  An orc zombie (Ossuary)
  2 quokka zombies (Ossuary)
  4 rats
  2 rat zombies (Ossuary)
260 creatures vanquished.

Vanquished Creatures (others)
  An orc wizard (D:3)
  A gnoll (D:8)
  2 fungi (D:3)
  2 plants (D:3)
6 creatures vanquished.

Grand Total: 266 creatures vanquished

Notes
Turn   | Place    | Note
-------+----------+-------------------------------------------
     0 | D:1      | zishaf the Deep Dwarf Necromancer began the quest for the
                  | Orb.
     0 | D:1      | Reached XP level 1. HP: 15/15 MP: 3/3
   128 | D:1      | Reached XP level 2. HP: 19/24 MP: 0/5
   300 | D:1      | Reached skill level 5 in Necromancy
   302 | D:1      | Reached skill level 1 in Fighting
   422 | D:1      | Reached XP level 3. HP: 13/31 MP: 4/6
   426 | D:1      | Learned a level 3 spell: Vampiric Draining
   463 | D:1      | Noticed a great orb of eyes
   464 | D:1      | Found a faded altar of an unknown god.
   468 | D:1      | Noticed a floating eye
   468 | D:1      | Noticed a floating eye
   468 | D:1      | Noticed a floating eye
  1507 | D:2      | Found Asueguof's Antique Weapon Boutique.
  2008 | D:3      | Reached XP level 4. HP: 38/38 MP: 1/7
  2341 | D:3      | Found a runed translucent gate.
  2341 | D:3      | Found a runed translucent gate.
  2342 | D:3      | Found a runed translucent gate.
  2342 | D:3      | Noticed a kobold brigand
  2342 | D:3      | Noticed Antichthon's ghost (weakling NaWr)
  2542 | D:3      | Reached skill level 2 in Fighting
  2664 | D:3      | Reached XP level 5. HP: 26/45 MP: 0/8
  2668 | D:3      | Identified the +6 plate armour "Nufu" {-Cast rPois Will+}
  3200 | D:4      | Noticed Eustachio
  3218 | D:4      | Identified the ring "Zunk" {rElec rPois rF- rCorr Str+6}
  3855 | D:4      | Reached XP level 6. HP: 55/55 MP: 2/9
  4281 | D:4      | Killed Eustachio
  4282 | D:4      | Reached skill level 3 in Fighting
  4498 | D:5      | Entered Level 5 of the Dungeon
  4663 | D:5      | Noticed a sky beast
  4664 | D:5      | Noticed an ice beast
  4709 | D:5      | Killed a sky beast
  4710 | D:5      | Reached skill level 4 in Fighting
  4710 | D:5      | Reached XP level 7. HP: 64/64 MP: 0/10
  5159 | D:5      | Reached skill level 5 in Fighting
  5234 | D:5      | Reached skill level 6 in Fighting
  5656 | D:5      | Reached XP level 8. HP: 48/78 MP: 2/11
  6590 | D:6      | Reached skill level 7 in Fighting
  6799 | D:6      | Found a glowing drain.
  6863 | Sewer    | Entered a sewer
  7096 | Sewer    | Reached skill level 8 in Fighting
  7761 | D:6      | Noticed Menkaure
  8064 | D:6      | Reached skill level 9 in Fighting
  8204 | D:6      | Gained mutation: You passively map the area around you.
                  | [Deep Dwarf growth]
  8204 | D:6      | Reached XP level 9. HP: 91/91 MP: 7/12
  8463 | D:5      | Reached skill level 1 in Armour
  8591 | D:7      | Noticed a two-headed ogre
  8733 | D:7      | Found a staircase to the Ecumenical Temple.
  8739 | Temple   | Entered the Ecumenical Temple
  8799 | Temple   | Became a worshipper of Makhleb the Destroyer
  8994 | D:7      | Identified the amulet of Aleet {Reflect rN++ Will- Int+2
                  | SH+5 Stlth+}
  9051 | D:7      | Reached skill level 1 in Axes
  9051 | D:7      | Reached skill level 1 in Invocations
  9132 | D:6      | Killed Menkaure
 10059 | D:8      | Found a sand-covered staircase.
 10066 | Ossuary  | Entered an ossuary
 10143 | Ossuary  | Reached * piety under Makhleb
 10387 | Ossuary  | Reached ** piety under Makhleb
 10910 | D:7      | Reached skill level 5 in Invocations
 10996 | D:7      | Reached skill level 10 in Fighting
 10996 | D:7      | Reached XP level 10. HP: 90/102 MP: 0/13
 11219 | D:8      | Identified the +4 flail "Eredwusch" {holy, Int+2}
 11490 | D:9      | Found a flagged portal.
 11503 | Bailey   | Entered a bailey
 11584 | Bailey   | Reached skill level 5 in Axes
 11706 | Bailey   | Noticed an orc knight
 11760 | Bailey   | Killed an orc knight
 11963 | Bailey   | Noticed an orc knight
 12103 | Bailey   | Noticed an orc knight
 12125 | Bailey   | HP: 2/103 [orc knight/+0 glaive (12)]
 12132 | Bailey   | Killed an orc knight
 12292 | Bailey   | Killed an orc knight
 12629 | D:9      | Noticed a cyan ugly thing
 12633 | D:9      | Noticed a cyan ugly thing
 12634 | D:9      | Noticed a boulder beetle
 12636 | D:9      | Noticed a cyclops
 12738 | D:7      | Slain by a two-headed ogre

Illustrated notes

Levels and vault maps discovered:
D:1:      shiori_arrival_oz, layout_rooms,
          hellmonk_ecumenical_altar_watching_god, corner_web_ring,
          minmay_indecisive_spiral
D:2:      layout_basic, serial_shops, shop, grunt_ministairs_4
D:3:      layout_loops_cross, gammafunk_ghost_nasty_kobolds
D:4:      layout_loops_cross, uniq_eustachio
D:5:      layout_basic, chequers_hall_statues_corner_a, minmay_between
D:6:      layout_cave_pods, cheibrodos_sewer_entry_bend, uniq_menkaure
D:7:      layout_basic, minmay_temple_entry_arrows
D:8:      layout_rooms, nicolae_ossuary_entry_ruins, dk_noncrumbling_2
D:9:      layout_roguey, enter_bailey_6, minmay_hedge_maze,
          nicolae_rejected_hall
Temple:   regret_index_temple_sigil_plot

Skill      XL: |  1  2  3  4  5  6  7  8  9 10 |
---------------+-------------------------------+-----
Spellcasting   | 2 |  2.0
Necromancy     | 5 6 7 8 |  8.0
Fighting       | 1 2 4 6 9 10 | 10.7
Armour         | 4 |  4.0
Axes           | 4 6 |  6.5
Invocations    | 5 7 |  7.8
Dodging        | |  2.1
Stealth        | |  2.4

Action                   |  1- 3 |  4- 6 |  7- 9 | 10-12 || total
-------------------------+-------+-------+-------+-------++-------
Melee: Dagger            |    21 |   116 |   339 |       ||   476
       Punch             |       |     1 |     8 |       ||     9
       Staff             |       |       |     6 |       ||     6
       Flail             |       |       |     3 |       ||     3
       War axe           |       |       |   138 |    77 ||   215
 Fire: Hunting sling     |    26 |       |       |       ||    26
Throw: Throwing net      |       |       |     1 |       ||     1
 Cast: Pain              |    32 |    19 |    44 |       ||    95
       Vampiric Draining |    13 |    41 |   102 |    37 ||   193
Invok: Minor Destruction |       |       |       |     2 ||     2
 Abil: Heal Wounds       |       |       |     5 |     8 ||    13
Evoke: Wand              |       |       |       |    15 ||    15
  Use: Scroll            |       |    10 |     2 |     5 ||    17
       Potion            |       |     1 |     1 |     7 ||     9
 Stab: Sleeping          |     7 |     2 |     4 |       ||    13
Armor: Robe              |     8 |    70 |    33 |       ||   111
       Leather armour    |       |       |   211 |    27 ||   238
Dodge: Dodged            |    20 |   100 |   345 |    92 ||   557
Block: Other             |       |    33 |   106 |    42 ||   181
       Reflection        |       |       |     3 |     1 ||     4

Table legend: (Time is in decaauts)
 A = Elapsed time spent in this place.
 B = Non-inter-level travel time spent in this place.
 C = Inter-level travel time spent in this place.
 D = Time resting spent in this place.
 E = Time spent auto-exploring this place.
 F = Levels seen in this place.
 G = Mean time per level.
                   A        B        C        D        E       F      G
               +--------+--------+--------+--------+--------+-----+--------+
         Total |  12853 |  12219 |    634 |   2561 |   5331 |  13 |  988.7 |
       Dungeon |  10801 |  10200 |    601 |   1893 |   4980 |   9 | 1200.1 |
        Temple |    162 |    129 |     33 |     65 |     43 |   1 |  162.0 |
         Sewer |    650 |    650 |      0 |    219 |    141 |   1 |  650.0 |
       Ossuary |    380 |    380 |      0 |      0 |     56 |   1 |  380.0 |
        Bailey |    859 |    859 |      0 |    384 |    110 |   1 |  859.0 |
               +--------+--------+--------+--------+--------+-----+--------+

Top non-repeatable levels by time:
     D:5: 2230 daAuts
     D:3: 1472 daAuts
     D:6: 1432 daAuts
     D:7: 1313 daAuts
     D:4: 1188 daAuts
     D:2: 1021 daAuts
     D:1: 939 daAuts
     D:8: 887 daAuts
  Bailey: 859 daAuts
   Sewer: 650 daAuts
 Ossuary: 380 daAuts
     D:9: 314 daAuts
  Temple: 162 daAuts
